 Dungeon Crawl Stone Soup version 0.20-a0-555-gf6ae02d (webtiles) character file.

144 Klosterheim the Slasher (level 5, 0/45 HPs)
             Began as a Minotaur Fighter on Feb 5, 2017.
             Was a Follower of Nemelex Xobeh.
             Killed from afar by an orc wizard (8 damage)
             ... with a puff of frost
             ... on level 3 of the Dungeon.
             The game lasted 00:01:57 (1670 turns).

Klosterheim the Slasher (Minotaur Fighter)          Turns: 1670, Time: 00:02:01

Health: 0/45       AC:  6    Str: 21    XL:     5   Next: 5%
Magic:  4/5        EV:  7    Int:  5    God:    Nemelex Xobeh [*.....]
Gold:   143        SH:  9    Dex: 10    Spells: 4/4 levels left

rFire    . . .     SeeInvis .   a - +0 long sword
rCold    . . .     Gourm    .   b - +0 scale mail
rNeg     . . .     Faith    .   c - +0 shield
rPois    .         Spirit   .   (helmet restricted)
rElec    .         Reflect  .   (no cloak)
rCorr    .         Harm     .   (no gloves)
MR       .....                  (no boots)
Stlth    ..........             (no amulet)
Regen    0.2/turn               (no ring)
                                (no ring)

@: lethally poisoned (0 -> -2)
A: retaliatory headbutt, horns 2
a: Renounce Religion


You were on level 3 of the Dungeon.
You worshipped Nemelex Xobeh.
Nemelex Xobeh was aware of your devotion.
You were hungry.

You visited 1 branch of the dungeon, and saw 3 of its levels.

You collected 143 gold pieces.

Inventory:

Hand Weapons
 a - a +0 long sword (weapon)
Armour
 b - a +0 scale mail (worn)
 c - a +0 shield (worn)
Jewellery
 y - an uncursed ring of wizardry {unknown}
Wands
 o - a wand of flame (23/48)
Scrolls
 i - 3 scrolls of enchant armour {unknown}
 n - a scroll of fog {unknown}
 p - 3 scrolls of identify {unknown}
 r - a scroll of teleportation {unknown}
 t - a scroll of fear {unknown}
 u - a scroll of magic mapping {unknown}
Potions
 d - a potion of might
 e - 2 potions of curing {unknown}
 g - a potion of invisibility {unknown}
 h - a potion of agility {unknown}
 k - a potion of heal wounds {unknown}
 m - a potion of magic {unknown}
 q - a potion of cure mutation {unknown}
 w - a potion of lignification {unknown}
Miscellaneous
 l - a plain deck of destruction
 x - an ornate deck of escape
Comestibles
 f - a bread ration
 j - a royal jelly
 s - a meat ration
 v - 4 chunks of flesh


   Skills:
 - Level 3.6 Fighting
 * Level 5.9 Long Blades
 - Level 3.6 Armour
 - Level 3.8 Shields
 + Level 1.4 Invocations


You had 4 spell levels left.
You didn't know any spells.

Dungeon Overview and Level Annotations

Branches:
Dungeon (3/15)

Altars:
Nemelex Xobeh
Zin


Innate Abilities, Weirdness & Mutations

You reflexively headbutt those who attack you in melee.
You have a pair of horns on your head.


Message History

You feel sick. You block the orc's attack.
You feel sick. The orc hits you with a trident.
Items here: ) [ †† a dagger; a robe; an adder corpse; an orc corpse You hit the orc.
You headbutt the orc.
You kill the orc!
Something hits you.
* * * LOW HITPOINT WARNING * * *
Unknown command.
Your shield and scale mail prevent you from hitting something.
You feel sick. You block something's attack.
Something hits you but does no damage.
Unknown command.
You slash something! Something hits you.
* * * LOW HITPOINT WARNING * * *
You hear some strange, mumbled words.
A puff of frost appears from out of thin air!
The puff of frost hits you!
You die...
Your body disappears without a glow.

#...........#
##...########
####)## #.....#
#.##..####### #
#.#..........
##.
#.#...#######
#...######.....#
#o)@?...<...##
#...########..#
### #.## #.# #.#
#.# #..


You could see an orc.

Vanquished Creatures
  Ijyb (D:3)
  An orc wizard (D:3)
  2 adders
  3 oozes
  2 worms (D:2)
  2 dart slugs
  2 leopard geckos
  An orc (D:3)
  5 giant cockroaches
  4 goblins
  6 hobgoblins
  6 kobolds
  2 quokkas
  4 bats
  3 frilled lizards
  7 rats
51 creatures vanquished.

Notes
Turn   | Place    | Note
-------+----------+-------------------------------------------
     0 | D:1      | Klosterheim the Minotaur Fighter began the quest for the Orb.
     0 | D:1      | Reached XP level 1. HP: 19/19 MP: 0/0
     6 | D:1      | Noticed a six-headed hydra
     6 | D:1      | Noticed a lindwurm
     6 | D:1      | Noticed a worker ant
     6 | D:1      | Noticed a water moccasin
   206 | D:1      | Reached skill level 3 in Long Blades
   215 | D:1      | Reached XP level 2. HP: 13/26 MP: 1/1
   655 | D:2      | Reached skill level 4 in Long Blades
   664 | D:2      | Found a faded altar of an unknown god.
   678 | D:2      | Reached XP level 3. HP: 24/31 MP: 2/2
   680 | D:2      | Became a worshipper of Nemelex Xobeh the Trickster
   680 | D:2      | Received a gift from Nemelex Xobeh
   680 | D:2      | Reached * piety under Nemelex Xobeh
  1295 | D:3      | Reached XP level 4. HP: 39/39 MP: 3/3
  1309 | D:3      | Noticed Ijyb
  1311 | D:3      | Received a gift from Nemelex Xobeh
  1314 | D:3      | Killed Ijyb
  1314 | D:3      | Reached skill level 5 in Long Blades
  1314 | D:3      | Reached skill level 1 in Invocations
  1391 | D:3      | Found a glowing silver altar of Zin.
  1666 | D:3      | Reached XP level 5. HP: 21/45 MP: 3/5
  1670 | D:3      | Killed from afar by an orc wizard

Vault maps used:
D:1:      onia_arrival_zoo_common
D:2:      chequers_ecumenical_altar_simple
D:3:      zin_treasury, minmay_misc_feat_ornament, led_sif_book, uniq_iyjb

Skill      XL: |  1  2  3  4 |
---------------+-------------+-----
Long Blades    | 3 4 5 |  5.9
Invocations    | 1 |  1.4
Fighting       | |  3.6
Armour         | |  3.6
Shields        | |  3.8

Action                   |  1- 3 |  4- 6 || total
-------------------------+-------+-------++-------
Melee: Long sword        |    92 |    43 ||   135
       Headbutt          |    13 |     5 ||    18
  Eat: Chunk             |     1 |     1 ||     2
Armor: Scale mail        |    39 |    18 ||    57
Dodge: Dodged            |    32 |     6 ||    38
Block: Shield            |    42 |    19 ||    61
       Rpst.: Long sword |     9 |     1 ||    10
